 Dungeon Crawl Stone Soup version 0.24.1-14-gf8d2b509d9 (console) character file.

Game seed: 11850803319519749229, levelgen mode: deterministic

79263 Kagalorn the Fighter (level 15, -10/125 HPs)
             Began as a Gnoll Wanderer on Aug 17, 2020.
             Was a High Priest of Elyvilon.
             Killed from afar by Jorgrun (30 damage)
             ... with a blast of rock fragments
             ... on level 13 of the Dungeon on Aug 18, 2020.
             The game lasted 01:10:45 (30974 turns).

Kagalorn the Fighter (Gnoll Wanderer)              Turns: 30974, Time: 01:10:45

Health: -10/125    AC: 22    Str: 21    XL:     15   Next: 63%
Magic:  29/29      EV: 15    Int: 15    God:    Elyvilon [*****.]
Gold:   1940       SH: 16    Dex: 17    Spells: 34/34 levels left

rFire    . . .     SeeInvis .   a - +2 double sword {flame, freeze}
rCold    . . .     Gourm    .   F - +0 shield
rNeg     . . .     Faith    .   N - +0 plate armour (curse)
rPois    .         Spirit   .   z - +2 hat {Int+3}
rElec    .         Reflect  +   w - +1 cloak
rCorr    .         Harm     .   V - +0 pair of gloves
MR       ++...                  C - +0 pair of boots
Stlth    ..........             J - +4 amulet of reflection
HPRegen  0.30/turn              P - ring of protection from magic
MPRegen  0.21/turn              U - +4 ring of evasion

@: silence (expiring)
A: distributed training, fangs 1, strong nose
a: Renounce Religion


You were on level 13 of the Dungeon.
You worshipped Elyvilon.
Elyvilon was extremely pleased with you.
You were not hungry.

You visited 4 branches of the dungeon, and saw 21 of its levels.

You collected 1940 gold pieces.

Inventory:

Hand Weapons
 a - the +2 Maxwell's thermic engine (weapon) {flame, freeze}
   (You found it on level 5 of the Lair of Beasts)

   It has been specially enchanted to burn those struck by it, causing extra
   injury to most foes and up to half again as much damage against particularly
   susceptible opponents.
   Big, fiery blades are also staple armaments of hydra-hunters.
   It has been specially enchanted to freeze those struck by it, causing extra
   injury to most foes and up to half again as much damage against particularly
   susceptible opponents.
 b - a +3 broad axe of freezing
 A - the +1 hunting sling of War {venom, +Inv rC+ Dex+2, unknown}
   (You found it on level 13 of the Dungeon)

   It poisons the ammo it fires.
   It affects your dexterity (+2).
   It protects you from cold.
   It lets you turn invisible.
Missiles
 g - 670 stones (quivered)
 n - 3 javelins
 o - 318 bolts
 s - 124 sling bullets
 x - 298 arrows
 E - 29 boomerangs
 G - 2 boomerangs of dispersal
 H - 2 throwing nets
Armour
 w - a +1 cloak (worn)
 z - a +2 hat of intelligence (worn)
 C - a +0 pair of boots (worn)
 F - a +0 shield (worn)
 N - a cursed +0 plate armour (worn)
 V - a +0 pair of gloves (worn)
Jewellery
 f - an uncursed ring of protection from fire
 J - a +4 amulet of reflection (around neck)
 P - a ring of protection from magic (left hand)
 Q - the ring "Xuotami" {*Corrode MR+ Int+4 Stlth-}
   (You took it off a deep elf mage on level 13 of the Dungeon)

   [ring of attention]

   It affects your intelligence (+4).
   It affects your resistance to hostile enchantments.
   It may corrode you when you take damage.
   It makes you less stealthy.
 U - a +4 ring of evasion (right hand)
 Z - an uncursed ring of protection from cold
Wands
 u - a wand of digging (7)
 v - a wand of flame (4)
 L - a wand of acid (11)
 W - a wand of paralysis (10)
Scrolls
 c - 9 scrolls of teleportation
 e - 5 scrolls of enchant armour
 h - a scroll of summoning
 k - 9 scrolls of remove curse
 m - 4 scrolls of magic mapping
 p - 2 scrolls of amnesia
 q - 2 scrolls of fear
 t - 4 scrolls of enchant weapon
 y - 2 scrolls of fog
 D - a scroll of immolation {unknown}
Potions
 i - 3 potions of resistance
 j - 4 potions of magic
 l - 9 potions of lignification
 r - 7 potions of brilliance
 B - 6 potions of curing
 I - 2 potions of flight
 O - 5 potions of agility
 R - a potion of berserk rage
 T - 2 potions of might
 X - 2 potions of mutation
 Y - a potion of haste
Miscellaneous
 M - a phantom mirror
Comestibles
 d - 23 rations


   Skills:
 + Level 13.8 Fighting
 + Level 10.0 Short Blades
 + Level 10.0 Long Blades
 + Level 10.0 Axes
 + Level 10.3 Maces & Flails
 + Level 10.0 Polearms
 + Level 10.0 Staves
 + Level 10.0 Slings
 + Level 10.0 Bows
 + Level 10.0 Crossbows
 + Level 10.0 Throwing
 + Level 11.0 Armour
 + Level 10.0 Dodging
 + Level 10.3 Stealth
 + Level 10.0 Shields
 + Level 10.0 Unarmed Combat
 + Level 10.0 Spellcasting
 + Level 8.4 Conjurations
 + Level 8.4 Hexes
 + Level 8.4 Charms
 + Level 8.4 Summonings
 + Level 8.4 Necromancy
 + Level 8.4 Translocations
 + Level 8.4 Transmutations
 + Level 8.4 Fire Magic
 + Level 8.4 Ice Magic
 + Level 8.4 Air Magic
 + Level 8.4 Earth Magic
 + Level 8.4 Poison Magic
 + Level 10.9 Invocations
 + Level 10.3 Evocations


You had 34 spell levels left.
You didn't know any spells.
Your spell library contained the following spells:

 Spells                   Type           Power        Failure   Level  Hunger
 Magic Dart               Conj           ####         9%          1    None
 Summon Small Mammal      Summ           ####         9%          1    None
 Call Imp                 Summ           ####....     12%         2    None
 Passwall                 Tmut/Erth      ####....     12%         2    None
 Searing Ray              Conj           ####..       12%         2    None
 Swiftness                Chrm/Air       ####....     12%         2    None
 Call Canine Familiar     Summ           ####....     24%         3    None
 Dazzling Spray           Conj/Hex       ####..       24%         3    None
 Recall                   Summ/Tloc      N/A          24%         3    None
 Summon Guardian Golem    Hex/Summ       ####....     24%         3    None
 Force Lance              Conj/Tloc      ####....     63%         4    ###....
 Fulminant Prism          Conj/Hex       ####......   63%         4    ###....
 Iskenderun's Mystic Bla  Conj           ####....     63%         4    ###....
 Passage of Golubria      Tloc           N/A          63%         4    ###....
 Summon Ice Beast         Ice/Summ       ####....     63%         4    ###....
 Summon Lightning Spire   Summ/Air       ####....     63%         4    ###....
 Aura of Abjuration       Summ           ####......   92%         5    #####..
 Bolt of Magma            Conj/Fire/Erth ####......   92%         5    #####..
 Iskenderun's Battlesphe  Conj/Chrm      ####....     92%         5    #####..
 Lee's Rapid Deconstruct  Erth           ####......   92%         5    #####..
 Silence                  Hex/Air        ####......   92%         5    #####..
 Summon Demon             Summ           ####......   92%         5    #####..
 Summon Forest            Summ/Tloc      ####......   92%         5    #####..
 Summon Mana Viper        Hex/Summ       ####....     92%         5    #####..
 Venom Bolt               Conj/Pois      ####......   92%         5    #####..
 Conjure Ball Lightning   Conj/Air       ####......   100%        6    ######.
 Darkness                 Hex            ####......   100%        6    ######.
 Deflect Missiles         Chrm/Air       ####......   100%        6    ######.
 Invisibility             Hex            ####....     100%        6    ######.
 Iron Shot                Conj/Erth      ####......   100%        6    ######.
 Shadow Creatures         Summ           N/A          100%        6    ######.
 Orb of Destruction       Conj           ####......   100%        7    #######
 Spellforged Servitor     Conj/Summ      ####......   100%        7    #######
 Tornado                  Air            ####......   100%        9    #######


Dungeon Overview and Level Annotations

Branches:
Dungeon (11/15)            Temple (1/1) D:7            Lair (6/6) D:10
  Swamp (0/4) Lair:3       Spider (0/4) Lair:4        Slime (0/5) Lair:6
    Orc (2/2) D:10            Elf (0/3) Orc:2

Altars:
Ashenzari
Cheibriados
Dithmenos
Elyvilon
Fedhas
Gozag
Hepliaklqana
Kikubaaqudgha
Makhleb
Nemelex Xobeh
Okawaru
Qazlal
Ru
Sif Muna
Trog
Uskayaw
Vehumet
Wu Jian
Xom
Yredelemnul
Zin
The Shining One
Beogh

Shops:
Orc:2 (}(:(

Annotations:
D:11 Grum
D:13 Jorgrun
Lair:4 exclusion: 2 oklob plants
Lair:5 Luam's ghost, journeyman OpFi


Innate Abilities, Weirdness & Mutations

Your experience applies equally to all skills.
You have very sharp teeth.
Your uncanny sense of smell can sniff out nearby items.


Message History

Really attack the Jorgrun while asking for your life to be spared?
This attack would place you under penance! [Y]es or [N]o only, please.
Really attack the Jorgrun while asking for your life to be spared?
This attack would place you under penance! [Y]es or [N]o only, please.
Really attack the Jorgrun while asking for your life to be spared?
This attack would place you under penance!
Okay, then.
You escape the roots' grasp.
Okay, then.
Jorgrun points next to you and mumbles some strange words.
Some rock shatters into small pieces.
Found an escape hatch in the floor.
You block Jorgrun's attack.
Some rock shatters into small pieces.
You block Jorgrun's attack.
Jorgrun hits you with a +0 quarterstaff of crushing.
* * * LOW HITPOINT WARNING * * *
x2 Your divine protection fades away.
Jorgrun gestures at you while chanting.
The wall shatters!
The blast of rock fragments hits you!!
You die...

###.###..........# #.#
.##.###.##.#.#.#.# #.#
....<......#.#.#.# #.#
.##.########.#.#.#
#..##########
###..........#.#.#
#.#........... #
############.#.##.#############
# #.#.#.# # #######.#..# .
...>....#@# . #######...# #.
##.g..# . #..#### .# #.#.#
#.##.# # # #.# #.# ...#.#.# #.#
......#####.#


You could see Jorgrun.

Vanquished Creatures
  Gastronok (Lair:3)
  Donald (Orc:2)
  The ghost of Riymurr the Phalangite, a journeyman MfMo of Hepliaklqana (Lair:4)
  The ghost of Ruewk the Archer, a journeyman CeAM of Okawaru (Lair:5)
  The ghost of Xazoc the Spear-Bearer, a journeyman OpFi of Gozag (Lair:5)
  Erolcha (D:11)
  8 hydras
  6 two-headed ogres
  3 death yaks
  5 orc high priests (Orc:2)
  A deep elf knight (D:13)
  3 unseen horrors (D:10)
  3 deep elf archers (D:13)
  7 orc knights
  18 deep elf magi (D:13)
  An ugly thing (D:13)
  2 cyclopes
  An oklob plant (Lair:5)
  2 black mambas
  Joseph (D:7)
  2 gargoyles
  12 spiny frogs
  A rime drake (Lair:2)
  10 komodo dragons
  A yaktaur (shapeshifter) (D:13)
  5 trolls
  4 hornets
  6 polar bears
  5 blink frogs (Lair:3)
  8 dream sheep
  Prince Ribbit (D:7)
  8 hippogriffs
  13 spriggans (Lair:6)
  2 wyverns
  56 yaks
  A wraith (D:13)
  5 basilisks
  3 hungry ghosts
  A vampire mosquito (D:10)
  Edmund (D:4)
  Duvessa (D:7)
  9 water moccasins
  11 porcupines
  28 orc warriors
  4 phantoms
  A sky beast (D:10)
  4 black bears (Lair:6)
  3 ice beasts
  2 necrophages
  4 boggarts (Lair:6)
  5 ogres
  37 wolves
  4 centaurs
  12 crocodiles
  2 big kobolds
  16 bullfrogs
  A gnoll sergeant (D:10)
  A wyvern skeleton (D:13)
  A wyvern zombie (D:10)
  5 scorpions
  A water moccasin skeleton (D:10)
  Dowan (D:7)
  10 wights
  2 howler monkeys (D:10)
  7 electric eels
  4 crimson imps
  2 quasits
  6 hounds
  4 jellies
  A bullfrog zombie (D:10)
  A gnoll shaman (D:6)
  27 orc priests
  A bullfrog skeleton (D:5)
  A centaur skeleton (D:7)
  2 iguanas
  19 orc wizards
  12 worker ants
  A hound zombie (D:7)
  2 hound skeletons (D:8)
  8 gnolls
  10 adders
  A river rat (D:10)
  4 shadow imps
  2 oozes
  A worm (D:3)
  An adder skeleton (D:8)
  5 leopard geckos
  67 orcs
  3 giant cockroaches
  5 goblins
  3 hobgoblins
  6 jackals (D:1)
  12 kobolds
  4 quokkas
  3 ball pythons
  7 bats
  4 frilled lizards
  A leopard gecko skeleton (D:5)
  A quokka skeleton (D:5)
  12 rats
  2 fungi (Lair:6)
  3 plants
632 creatures vanquished.

Vanquished Creatures (others)
  A quokka (D:2)
  13 fungi
  7 plants
21 creatures vanquished.

Grand Total: 653 creatures vanquished

Notes
Turn   | Place    | Note
-------+----------+-------------------------------------------
     0 | D:1      | Reached skill level 10 in Fighting
     0 | D:1      | Kagalorn the Gnoll Wanderer began the quest for the Orb.
     0 | D:1      | Kagalorn set off with the following items: a +2 mace, a +0
                  | ring mail, a scroll of teleportation, a ration
     0 | D:1      | Reached XP level 1. HP: 28/28 MP: 2/2
   262 | D:1      | Reached XP level 2. HP: 36/36 MP: 3/3
   891 | D:2      | Reached XP level 3. HP: 42/42 MP: 4/4
  1005 | D:2      | Found a sparkling altar of Nemelex Xobeh.
  1159 | D:2      | Found a white marble altar of Elyvilon.
  1161 | D:2      | Reached skill level 1 in Invocations
  1231 | D:2      | Became a worshipper of Elyvilon the Healer
  1447 | D:3      | Found a shimmering blue altar of Sif Muna.
  1458 | D:2      | Reached skill level 1 in Short Blades
  1458 | D:2      | Reached skill level 1 in Long Blades
  1458 | D:2      | Reached skill level 1 in Axes
  1458 | D:2      | Reached skill level 1 in Polearms
  1458 | D:2      | Reached skill level 1 in Staves
  1458 | D:2      | Reached skill level 1 in Slings
  1458 | D:2      | Reached skill level 1 in Bows
  1458 | D:2      | Reached skill level 1 in Crossbows
  1458 | D:2      | Reached skill level 1 in Throwing
  1458 | D:2      | Reached skill level 1 in Dodging
  1458 | D:2      | Reached skill level 1 in Shields
  1458 | D:2      | Reached skill level 1 in Unarmed Combat
  1458 | D:2      | Reached skill level 1 in Spellcasting
  1460 | D:2      | Reached XP level 4. HP: 37/48 MP: 4/6
  1697 | D:3      | Reached skill level 1 in Conjurations
  1697 | D:3      | Reached skill level 1 in Hexes
  1697 | D:3      | Reached skill level 1 in Charms
  1697 | D:3      | Reached skill level 1 in Summonings
  1697 | D:3      | Reached skill level 1 in Necromancy
  1697 | D:3      | Reached skill level 1 in Translocations
  1697 | D:3      | Reached skill level 1 in Transmutations
  1697 | D:3      | Reached skill level 1 in Fire Magic
  1697 | D:3      | Reached skill level 1 in Ice Magic
  1697 | D:3      | Reached skill level 1 in Air Magic
  1697 | D:3      | Reached skill level 1 in Earth Magic
  1697 | D:3      | Reached skill level 1 in Poison Magic
  1753 | D:3      | Found an iron altar of Okawaru.
  1869 | D:3      | Found a faded altar of an unknown god.
  1987 | D:3      | Reached XP level 5. HP: 50/54 MP: 7/7
  2125 | D:3      | Reached * piety under Elyvilon
  2300 | D:3      | Found a glowing golden altar of the Shining One.
  2357 | D:3      | Found an opulent altar of Gozag.
  2460 | D:4      | Noticed Edmund
  2716 | D:4      | Noticed a phantom
  2777 | D:3      | Killed a phantom
  2777 | D:3      | Reached XP level 6. HP: 12/61 MP: 8/8
  3084 | D:4      | Reached skill level 5 in Armour
  3308 | D:5      | Entered Level 5 of the Dungeon
  3546 | D:5      | Reached ** piety under Elyvilon
  3556 | D:5      | Found a sacrificial altar of Ru.
  3599 | D:5      | Reached XP level 7. HP: 58/67 MP: 10/10
  4893 | D:6      | Reached XP level 8. HP: 62/74 MP: 12/12
  5000 | D:6      | Got a translucent wooden ring
  5070 | D:6      | Reached *** piety under Elyvilon
  5805 | D:7      | Noticed Joseph
  5811 | D:7      | Identified the cursed ring of the Firefly {rF+ EV-2} (You
                  | found it on level 6 of the Dungeon)
  5826 | D:7      | Killed Joseph
  5842 | D:7      | Noticed Dowan
  5843 | D:7      | Found a shadowy altar of Dithmenos.
  5843 | D:7      | Noticed Duvessa
  6015 | D:7      | Killed Dowan
  6108 | D:7      | Reached XP level 9. HP: 79/79 MP: 14/14
  6138 | D:7      | Noticed Prince Ribbit
  6401 | D:7      | Killed Prince Ribbit
  6401 | D:7      | Reached skill level 11 in Fighting
  6939 | D:4      | Killed Edmund
  7092 | D:6      | Reached skill level 5 in Maces & Flails
  7092 | D:6      | Reached skill level 5 in Evocations
  7229 | D:7      | Killed Duvessa
  7229 | D:7      | Reached skill level 5 in Stealth
  7403 | D:7      | Reached **** piety under Elyvilon
  7722 | D:7      | Found a staircase to the Ecumenical Temple.
  7742 | Temple   | Entered the Ecumenical Temple
  7953 | D:8      | Reached skill level 5 in Invocations
  8339 | D:8      | Reached XP level 10. HP: 76/88 MP: 17/17
  8990 | D:9      | Reached skill level 5 in Short Blades
  8990 | D:9      | Reached skill level 5 in Long Blades
  8990 | D:9      | Reached skill level 5 in Axes
  8990 | D:9      | Reached skill level 5 in Polearms
  8990 | D:9      | Reached skill level 5 in Staves
  8990 | D:9      | Reached skill level 5 in Slings
  8990 | D:9      | Reached skill level 5 in Bows
  8990 | D:9      | Reached skill level 5 in Crossbows
  8990 | D:9      | Reached skill level 5 in Throwing
  8990 | D:9      | Reached skill level 5 in Dodging
  8990 | D:9      | Reached skill level 5 in Shields
  8990 | D:9      | Reached skill level 5 in Unarmed Combat
  8990 | D:9      | Reached skill level 5 in Spellcasting
  9044 | D:9      | Noticed a two-headed ogre
  9435 | D:9      | Reached ***** piety under Elyvilon
  9611 | D:9      | Killed a two-headed ogre
  9749 | D:10     | Entered Level 10 of the Dungeon
  9799 | D:10     | Noticed a death yak
  9800 | D:10     | Noticed a two-headed ogre
 10532 | D:9      | Identified a scroll of acquirement
 10552 | D:9      | Killed a two-headed ogre
 10642 | D:9      | Reached XP level 11. HP: 82/95 MP: 19/19
 10765 | D:10     | Noticed a death yak
 10766 | D:10     | Noticed a death yak
 10816 | D:10     | Killed an unseen horror
 11009 | D:10     | Reached skill level 5 in Conjurations
 11009 | D:10     | Reached skill level 5 in Hexes
 11009 | D:10     | Reached skill level 5 in Charms
 11009 | D:10     | Reached skill level 5 in Summonings
 11009 | D:10     | Reached skill level 5 in Necromancy
 11009 | D:10     | Reached skill level 5 in Translocations
 11009 | D:10     | Reached skill level 5 in Transmutations
 11009 | D:10     | Reached skill level 5 in Fire Magic
 11009 | D:10     | Reached skill level 5 in Ice Magic
 11009 | D:10     | Reached skill level 5 in Air Magic
 11009 | D:10     | Reached skill level 5 in Earth Magic
 11009 | D:10     | Reached skill level 5 in Poison Magic
 11331 | D:10     | Killed an unseen horror
 11984 | D:10     | Found a staircase to the Orcish Mines.
 11984 | D:10     | Found a staircase to the Lair.
 12081 | D:10     | Killed a death yak
 12105 | D:9      | Killed a death yak
 12105 | D:9      | Reached skill level 12 in Fighting
 12307 | D:9      | Killed a death yak
 12753 | D:11     | Noticed Erolcha
 12823 | D:10     | Killed an unseen horror
 13038 | Lair:1   | Entered Level 1 of the Lair of Beasts
 13393 | Lair:1   | Reached XP level 12. HP: 44/102 MP: 22/22
 14028 | Lair:1   | Noticed a five-headed hydra
 14064 | Lair:1   | Killed a five-headed hydra
 15098 | Lair:2   | Found the +12 Vampire's Tooth {vamp}
 15285 | Lair:2   | Reached ****** piety under Elyvilon
 15462 | Lair:3   | Found a hide-covered altar of Uskayaw.
 15772 | Lair:3   | Found a staircase to the Swamp.
 16444 | Lair:3   | Noticed Gastronok
 16544 | Lair:4   | Noticed a five-headed hydra
 16558 | Lair:4   | Killed a five-headed hydra
 17037 | Lair:4   | Noticed a six-headed hydra
 17056 | Lair:4   | Killed a six-headed hydra
 17741 | Lair:4   | Noticed a seven-headed hydra
 17747 | Lair:4   | Pacified a seven-headed hydra
 17747 | Lair:4   | Reached XP level 13. HP: 99/109 MP: 24/24
 17890 | Lair:4   | Found a hole to the Spider Nest.
 19234 | Lair:5   | Found a runed translucent gate.
 19234 | Lair:5   | Found a runed translucent gate.
 19234 | Lair:5   | Found a runed translucent gate.
 19234 | Lair:5   | Noticed Xazoc's ghost (journeyman OpFi)
 19235 | Lair:5   | Noticed Ruewk's ghost (journeyman CeAM)
 19235 | Lair:5   | Noticed Luam's ghost (journeyman OpFi)
 19235 | Lair:5   | Noticed Riymurr's ghost (journeyman MfMo)
 19511 | Lair:5   | Found the +2 Maxwell's thermic engine {flame, freeze}
 19537 | Lair:6   | Entered Level 6 of the Lair of Beasts
 21196 | Lair:6   | Found a staircase to the Slime Pits.
 21340 | Lair:6   | Reached skill level 13 in Fighting
 21634 | Lair:6   | Reached XP level 14. HP: 78/118 MP: 26/26
 22231 | Lair:6   | Reached skill level 10 in Armour
 23805 | Lair:5   | Killed Xazoc's ghost
 24093 | Lair:4   | Killed Riymurr's ghost
 24398 | Lair:5   | Killed Ruewk's ghost
 25120 | Lair:3   | Killed Gastronok
 25161 | Lair:3   | Reached skill level 10 in Invocations
 25667 | Orc:1    | Entered Level 1 of the Orcish Mines
 25972 | Orc:2    | Entered Level 2 of the Orcish Mines
 26125 | Orc:1    | Found a roughly hewn altar of Beogh.
 26504 | Orc:2    | Found a staircase to the Elven Halls.
 26566 | Orc:2    | Noticed Donald
 26593 | Orc:2    | Killed Donald
 28048 | Orc:2    | Found Keytheusm's Weapon Boutique.
 28243 | Orc:2    | Reached XP level 15. HP: 76/124 MP: 28/28
 28996 | Orc:2    | Reached skill level 10 in Maces & Flails
 28996 | Orc:2    | Reached skill level 10 in Evocations
 29059 | Orc:2    | Found Barudukk's Weapon Shop.
 29059 | Orc:2    | Found Ockoih's Gadget Shop.
 29060 | Orc:2    | Found Miyqiomu's Book Shop.
 29060 | Orc:2    | Found Taqiat's Antique Weapon Boutique.
 29304 | D:11     | Reached skill level 10 in Stealth
 29347 | D:11     | Killed Erolcha
 29695 | D:11     | Noticed Grum
 29695 | D:11     | You fall into a shaft and drop 2 floors!
 30591 | D:13     | Reached skill level 10 in Short Blades
 30591 | D:13     | Reached skill level 10 in Long Blades
 30591 | D:13     | Reached skill level 10 in Axes
 30591 | D:13     | Reached skill level 10 in Polearms
 30591 | D:13     | Reached skill level 10 in Staves
 30591 | D:13     | Reached skill level 10 in Slings
 30591 | D:13     | Reached skill level 10 in Bows
 30591 | D:13     | Reached skill level 10 in Crossbows
 30591 | D:13     | Reached skill level 10 in Throwing
 30591 | D:13     | Reached skill level 10 in Dodging
 30591 | D:13     | Reached skill level 10 in Shields
 30591 | D:13     | Reached skill level 10 in Unarmed Combat
 30591 | D:13     | Reached skill level 10 in Spellcasting
 30621 | D:13     | Identified the ring "Xuotami" {*Corrode MR+ Int+4 Stlth-}
 30736 | D:13     | Got an encrusted hunting sling
 30942 | D:13     | Noticed Jorgrun
 30952 | D:13     | HP: 5/125 [Jorgrun/iron shot (69)]
 30952 | D:13     | Elyvilon protects you from harm!
 30956 | D:13     | Elyvilon protects you from harm!
 30974 | D:13     | Killed from afar by Jorgrun

Levels and vault maps discovered:
D:1:      tarquinn_simple_flora_water_e, layout_loops_corners
D:2:      layout_rooms, old_standard_altar, elyvilon_altar_4, amethyst_killhole,
          minmay_joined_circles
D:3:      layout_basic, tso_oasis_becter, lemuel_round_altar,
          lemuel_crystal_altar, chequers_ecumenical_altar_island,
          okawaru_gym_becter
D:4:      layout_rooms, first_ration, uniq_edmund
D:5:      layout_basic, nicolae_ru_great_annihilating_truth, nrook_uturn
D:6:      layout_basic
D:7:      hangedman_cross_stitches, layout_cave_pools,
          minmay_temple_entry_poolview, serial_column_ruins,
          column_ruins_circle_large, column_ruins_hut_pillars,
          column_ruins_open_tiny, column_ruins_columns_straight,
          column_ruins_grid_3, column_ruins_columns_corner, column_ruins_grid_2,
          nrook_loot_triangle, st_stairs_1, grunt_ogre_cave,
          grunt_dithmenos_smoke, uniq_joseph, uniq_prince_ribbit1, uniq_duvessa
D:8:      layout_basic
D:9:      layout_roguey
D:10:     layout_cave_pods, dpeg_lair_monsters, orc_0_dummy,
          kennysheep_pointless_box, minmay_microvault
D:11:     layout_basic, uniq_erolcha, uniq_grum
D:13:     minmay_elf_outpost, layout_loops_ring, uniq_jorgrun
Temple:   nicolae_temple_elliptical
Lair:1:   layout_regular_city, lemuel_fruit_fields
Lair:2:   layout_roguey, grunt_megastairs_1
Lair:3:   layout_regular_city, swamp_mist, serial_bayou, serial_bayou_lagoon_a,
          serial_bayou_shore_b, serial_bayou_pond_e, serial_bayou_ford_a,
          basic_altar, lemuel_old_faithful, uniq_gastronok
Lair:4:   layout_gridlike, spider_nest_entry_rubble, st_stairs_12,
          infiniplex_staircase_pool_2, serial_bayou_shore_a,
          minmay_lair_oklob_chamber
Lair:5:   layout_long_grid, gammafunk_ghost_cemetery,
          nicolae_lair_grove_arrangements, minmay_lair_oklob_items
Lair:6:   minmay_lair_end_enchanted_forest, layout_loops_ring, slime_dummy,
          dpeg_stationary_puzzle
Orc:1:    layout_caves, basic_altar
Orc:2:    st_orc_pillars, layout_caves, serial_shops, nicolae_shop_waterfront,
          uniq_donald

Skill      XL: |  1  2  3  4  5  6  7  8  9 10 11 12 13 14 15 |
---------------+----------------------------------------------+-----
Fighting       | 11 12 13 | 13.8
Invocations    | 1 2 3 4 5 6 7 8 9 10 | 10.9
Short Blades   | 1 2 3 4 5 6 7 8 9 10 | 10.0
Long Blades    | 1 2 3 4 5 6 7 8 9 10 | 10.0
Axes           | 1 2 3 4 5 6 7 8 9 10 | 10.0
Polearms       | 1 2 3 4 5 6 7 8 9 10 | 10.0
Staves         | 1 2 3 4 5 6 7 8 9 10 | 10.0
Slings         | 1 2 3 4 5 6 7 8 9 10 | 10.0
Bows           | 1 2 3 4 5 6 7 8 9 10 | 10.0
Crossbows      | 1 2 3 4 5 6 7 8 9 10 | 10.0
Throwing       | 1 2 3 4 5 6 7 8 9 10 | 10.0
Dodging        | 1 2 3 4 5 6 7 8 9 10 | 10.0
Shields        | 1 2 3 4 5 6 7 8 9 10 | 10.0
Unarmed Combat | 1 2 3 4 5 6 7 8 9 10 | 10.0
Spellcasting   | 1 2 3 4 5 6 7 8 9 10 | 10.0
Conjurations   | 1 2 3 4 5 6 7 8 |  8.4
Hexes          | 1 2 3 4 5 6 7 8 |  8.4
Charms         | 1 2 3 4 5 6 7 8 |  8.4
Summonings     | 1 2 3 4 5 6 7 8 |  8.4
Necromancy     | 1 2 3 4 5 6 7 8 |  8.4
Translocations | 1 2 3 4 5 6 7 8 |  8.4
Transmutations | 1 2 3 4 5 6 7 8 |  8.4
Fire Magic     | 1 2 3 4 5 6 7 8 |  8.4
Ice Magic      | 1 2 3 4 5 6 7 8 |  8.4
Air Magic      | 1 2 3 4 5 6 7 8 |  8.4
Earth Magic    | 1 2 3 4 5 6 7 8 |  8.4
Poison Magic   | 1 2 3 4 5 6 7 8 |  8.4
Maces & Flails | 3 4 5 6 7 8 9 10 | 10.3
Evocations     | 3 4 5 6 7 8 9 10 | 10.3
Stealth        | 3 4 5 6 7 8 9 10 | 10.3
Armour         | 5 6 7 8 9 10 11 | 11.0

Action                   |  1- 3 |  4- 6 |  7- 9 | 10-12 | 13-15 || total
-------------------------+-------+-------+-------+-------+-------++-------
Melee: Mace              |   103 |   147 |    78 |       |       ||   328
       Bite              |     6 |    15 |    60 |   106 |   161 ||   348
       Punch             |       |     1 |     5 |       |       ||     6
       Morningstar       |       |       |   202 |    60 |    49 ||   311
       Dire flail        |       |       |   101 |   184 |       ||   285
       Broad axe         |       |       |       |   406 |   594 ||  1000
       Double sword      |       |       |       |       |   693 ||   693
Invok: Lesser Healing    |       |     1 |       |       |       ||     1
       Greater Healing   |       |       |       |     2 |     2 ||     4
       Heal Other        |       |       |       |     5 |     1 ||     6
       Divine Protection |       |       |       |       |     1 ||     1
       Purification      |       |       |       |       |     1 ||     1
Evoke: Wand              |       |       |       |     1 |     9 ||    10
  Use: Scroll            |       |       |    15 |     5 |    10 ||    30
       Potion            |       |       |       |       |     3 ||     3
 Stab: Sleeping          |     3 |       |     2 |       |       ||     5
       Paralysed         |       |     1 |       |       |       ||     1
  Eat: Chunk             |     1 |     5 |    11 |    16 |    26 ||    59
       Ration            |       |     1 |     1 |     6 |     6 ||    14
Armor: Ring mail         |    68 |     6 |       |       |       ||    74
       Scale mail        |       |    55 |   137 |       |       ||   192
       Chain mail        |       |       |    46 |       |       ||    46
       Plate armour      |       |       |    13 |   557 |   502 ||  1072
Dodge: Dodged            |    66 |    73 |   231 |   237 |   627 ||  1234
Block: Buckler           |       |       |       |   297 |   475 ||   772
       Shield            |       |       |       |       |   344 ||   344
       Reflection        |       |       |       |       |    39 ||    39
       Rpst.: Double sword |       |       |       |       |    55 ||    55
